 Dungeon Crawl Stone Soup version 0.23.2-1-ga50397a (webtiles) character file.

Game seed: 9026536769720406355

1596 dhn the Magician (level 8, 0/33 HPs)
             Began as a Felid Wizard on Apr 14, 2019.
             Slain by a gnoll
             ... wielding a +0 spear
              (10 damage)
             ... on level 8 of the Dungeon.
             The game lasted 00:42:12 (15621 turns).

dhn the Magician (Felid Wizard)                    Turns: 15621, Time: 00:42:13

Health: 0/33       AC:  2    Str:  3    XL:     8   Next: 62%
Magic:  1/20       EV: 20    Int: 22    God:
Gold:   287        SH:  0    Dex: 14    Spells: 11/21 levels left
                                        Lives:  0   Deaths: 2

rFire    . . .     SeeInvis +     - Unarmed
rCold    . . .     Gourm    .   (shield unavailable)
rNeg     . . .     Faith    .   (armour unavailable)
rPois    .         Spirit   .   (helmet unavailable)
rElec    .         Reflect  .   (cloak unavailable)
rCorr    .         Harm     .   (gloves unavailable)
MR       +....                  (boots unavailable)
Stlth    +++.......             (no amulet)
HPRegen  0.11/turn              (no ring)
MPRegen  0.17/turn              (no ring)

@: quick
A: very small, no armour, no weapons or thrown items, stealth, claws 1, fangs 3,
see invisible, carnivore, speed 1, shaggy fur 2, slow metabolism 1, sharp paws
a: no special abilities


You were on level 8 of the Dungeon.
You were not hungry.

You visited 1 branch of the dungeon, and saw 8 of its levels.

You collected 287 gold pieces.

Inventory:

Wands
 q - a wand of enslavement (4)
 v - a wand of iceblast (7)
 z - a wand of flame (14)
Scrolls
 a - 3 scrolls of enchant weapon
 e - a scroll of fog
 g - 2 scrolls of enchant armour {unknown}
 i - a scroll of fear {unknown}
 l - a scroll of teleportation
 m - a scroll of magic mapping
 r - a scroll of amnesia {unknown}
 t - 3 scrolls of remove curse
 u - a scroll of noise {unknown}
 x - a scroll of brand weapon {unknown}
 y - 2 scrolls of identify
Potions
 c - a potion of ambrosia {unknown}
 d - 2 potions of magic {unknown}
 f - a potion of curing {unknown}
 h - a potion of flight {unknown}
 j - a potion of resistance {unknown}
 k - 3 potions of degeneration
 n - 2 potions of heal wounds
 o - a potion of invisibility {unknown}
 p - 3 potions of might
 s - a potion of lignification {unknown}
 w - a potion of berserk rage {unknown}
Comestibles
 b - 12 rations


   Skills:
 + Level 1.7 Fighting
 + Level 5.2 Dodging
 + Level 5.0 Stealth
 + Level 2.1 Unarmed Combat
 + Level 7.4 Spellcasting
 + Level 6.4 Conjurations
 + Level 2.2 Summonings
 + Level 3.9 Translocations
 + Level 0.1 Fire Magic


You had 11 spell levels left.
You knew the following spells:

 Your Spells              Type           Power        Failure   Level  Hunger
a - Magic Dart            Conj           ####         1%          1    None
b - Blink                 Tloc           N/A          2%          2    None
c - Call Imp              Summ           ###.....     4%          2    None
d - Slow                  Hex            #.......     12%         2    None
e - Conjure Flame         Conj/Fire      ###.....     6%          3    None

Your spell library contained the following spells:

 Spells                   Type           Power        Failure   Level  Hunger
 Beastly Appendage        Tmut           #.....       8%          1    None
 Mephitic Cloud           Conj/Pois/Air  ###.....     10%         3    None
 Sticks to Snakes         Tmut           #.......     12%         2    None
 Spider Form              Tmut/Pois      #.........   24%         3    None
 Ice Form                 Ice/Tmut       #.......     61%         4    ###....
 Blade Hands              Tmut           #.........   91%         5    #####..


Dungeon Overview and Level Annotations

Branches:
Dungeon (8/15)             Temple (0/1) D:5
   Lair: D:8-11

Altars:
Ashenzari
Kikubaaqudgha
Okawaru
Qazlal
Ru
Trog

Shops:
D:6 *

Annotations:
D:3 3 runed translucent doors, Edmund; Kairos's ghost, amateur FoAK; slayr's ghost, amateur HOMo; uname's ghost, amateur HOGl
D:7 1 runed translucent door, Crazy Yiuf; Harold


Innate Abilities, Weirdness & Mutations

You cannot wear armour.
You are incapable of wielding weapons or throwing items.
Your paws allow you to move quietly. (Stealth)
You have sharp claws.
You have razor-sharp teeth.
You have supernaturally acute eyesight. (SInv)
You are carnivorous and can eat meat at any time.
You cover ground quickly.
You are covered in thick fur. (AC +2)
You have a slow metabolism.
Your sharp claws are effective at attacking unaware monsters.


Message History

The magic dart hits the gnoll.
The gnoll is heavily wounded.
The gnoll completely misses you.
You scratch the gnoll but do no damage. You bite the gnoll, but do no damage.
The gnoll is heavily wounded.
The gnoll misses you.
You scratch the gnoll.
The gnoll is severely wounded.
The gnoll hits you with a +0 spear!
* * * LOW HITPOINT WARNING * * *
Casting: Magic Dart (safe; 1% risk of failure)
Confirm with . or Enter, or press ? or * to list all spells.
You don't have enough magic to cast that spell.
You scratch the gnoll but do no damage.
The gnoll is severely wounded.
The gnoll misses you.
You closely miss the gnoll.
The gnoll is severely wounded.
The gnoll hits you with a +0 spear!
You die...

.# #.# ### #.# #.. #.#
#.# #.# # .##. #.#
#.#.# #.#.
##.##########.#.# #..#
#....@g......^..#
##..###..##########.###
##........# #.####
#........## #g...#
#.##..#(._...### ##...#
#.#............# #.###
#.#.#.#.....##.# #)#
#.# ##.#.#..##.## #.#
#.#.###...###...######
#.#


You could see a gnoll.

Vanquished Creatures
  A hungry ghost (D:8)
  2 ice beasts (D:8)
  2 sky beasts (D:6)
  An ogre (D:7)
  2 centaurs
  A big kobold (D:6)
  A gnoll sergeant (D:5)
  2 scorpions (D:6)
  2 wights (D:8)
  2 crimson imps (D:6)
  2 bullfrog zombies
  2 orc priests
  3 bullfrog skeletons
  3 hounds
  A gnoll shaman (D:6)
  2 jellies
  4 orc wizards
  A centaur skeleton (D:5)
  An iguana (D:6)
  5 worker ants
  2 hound skeletons
  A worker ant zombie (D:5)
  10 gnolls
  6 adders
  3 shadow imps
  An ooze (D:5)
  5 worms
  2 dart slugs
  6 leopard geckos
  26 orcs
  2 ball pythons
  2 giant cockroaches
  6 goblins
  6 hobgoblins
  5 jackals
  11 kobolds
  3 quokkas
  10 bats
  4 frilled lizards
  A giant cockroach zombie (D:6)
  A quokka zombie (D:6)
  3 rats
156 creatures vanquished.

Vanquished Creatures (collateral kills)
  A sky beast (D:6)
  A crimson imp (D:6)
  An orc priest (D:5)
  An iguana (D:3)
  A worker ant (D:3)
5 creatures vanquished.

Vanquished Creatures (others)
  4 withered plants (D:3)
4 creatures vanquished.

Grand Total: 165 creatures vanquished

Notes
Turn   | Place    | Note
-------+----------+-------------------------------------------
     0 | D:1      | dhn the Felid Wizard began the quest for the Orb.
     0 | D:1      | Reached XP level 1. HP: 7/7 MP: 5/5
   160 | D:1      | Reached XP level 2. HP: 10/11 MP: 0/7
   418 | D:1      | Reached skill level 1 in Conjurations
  1577 | D:2      | Reached XP level 3. HP: 11/14 MP: 0/8
  1687 | D:1      | Learned a level 2 spell: Blink
  1690 | D:1      | Learned a level 2 spell: Call Imp
  1693 | D:1      | Learned a level 2 spell: Slow
  1982 | D:2      | Reached XP level 4. HP: 2/18 MP: 0/10
  2527 | D:2      | Learned a level 3 spell: Conjure Flame
  3127 | D:3      | Noticed uname's ghost (amateur HOGl)
  3127 | D:3      | Noticed slayr's ghost (amateur HOMo)
  3128 | D:3      | Found a runed translucent gate.
  3128 | D:3      | Found a runed translucent gate.
  3128 | D:3      | Found a runed translucent gate.
  3128 | D:3      | Noticed Kairos's ghost (amateur FoAK)
  3696 | D:3      | Reached XP level 5. HP: 15/21 MP: 0/11
  3950 | D:4      | Reached skill level 1 in Unarmed Combat
  4226 | D:4      | Noticed an ogre
  4229 | D:4      | Slain by an ogre
  4230 | D:4      | Reached XP level 4. HP: -3/18 MP: 10/10
  4277 | D:4      | Noticed Edmund
  4367 | D:4      | Found a sacrificial altar of Ru.
  5185 | D:3      | You fall through a shaft for 3 floors!
  5785 | D:6      | Reached skill level 4 in Spellcasting
  5785 | D:6      | Reached XP level 5. HP: 21/21 MP: 4/12
  5944 | D:6      | Found Umniteuble's Assorted Antiques.
  5996 | D:5      | Entered Level 5 of the Dungeon
  6146 | D:6      | Noticed a sky beast
  6528 | D:6      | Found an ancient bone altar of Kikubaaqudgha.
  6800 | D:6      | Gained mutation: You are covered in thick fur. (AC +2)
                  | [Felid growth]
  6800 | D:6      | Reached XP level 6. HP: 14/25 MP: 1/14
  7100 | D:6      | Noticed a sky beast
  8076 | D:2      | Reached skill level 5 in Spellcasting
  8812 | D:5      | Found a bloodstained altar of Trog.
  9334 | D:5      | Reached XP level 7. HP: 12/28 MP: 4/16
  9539 | D:5      | Found a staircase to the Ecumenical Temple.
 10959 | D:6      | Reached skill level 6 in Spellcasting
 11335 | D:6      | Reached XP level 8. HP: 31/31 MP: 7/18
 11812 | D:7      | Reached skill level 5 in Conjurations
 12108 | D:7      | Found a shattered altar of Ashenzari.
 12329 | D:8      | Found an iron altar of Okawaru.
 12337 | D:7      | Noticed Harold
 12339 | D:7      | Killed from afar by an orc priest
 12340 | D:7      | Reached XP level 7. HP: -7/28 MP: 17/17
 12732 | D:7      | Reached skill level 1 in Fighting
 13648 | D:7      | Reached skill level 5 in Dodging
 13968 | D:6      | Reached XP level 8. HP: 28/32 MP: 6/19
 14839 | D:6      | Reached skill level 7 in Spellcasting
 15008 | D:7      | Found a runed translucent door.
 15010 | D:7      | Noticed Crazy Yiuf
 15076 | D:8      | Reached skill level 5 in Stealth
 15526 | D:8      | Found a stormy altar of Qazlal.
 15621 | D:8      | Slain by a gnoll

Skill      XL: |  1  2  3  4  5  6  7  8 |
---------------+-------------------------+-----
Stealth        | 3 4 5 |  5.0
Dodging        | 3 5 |  5.2
Conjurations   | 1 2 3 4 6 |  6.4
Unarmed Combat | 1 2 |  2.1
Spellcasting   | 4 5 6 7 |  7.4
Translocations | 2 3 |  3.9
Summonings     | 2 |  2.2
Fighting       | 1 |  1.7
Fire Magic     | |  0.1

Action                   |  1- 3 |  4- 6 |  7- 9 || total
-------------------------+-------+-------+-------++-------
Melee: Unarmed           |    36 |    51 |    18 ||   105
       Bite              |     4 |     4 |     1 ||     9
 Cast: Magic Dart        |    88 |   357 |   339 ||   784
       Call Imp          |       |    15 |     7 ||    22
       Conjure Flame     |       |     7 |     6 ||    13
       Blink             |       |    15 |    18 ||    33
       Slow              |       |     1 |       ||     1
Evoke: Wand              |       |     1 |     1 ||     2
  Use: Scroll            |       |       |    10 ||    10
       Potion            |       |       |     2 ||     2
 Stab: Sleeping          |     3 |     4 |     2 ||     9
  Eat: Chunk             |       |    13 |    12 ||    25
Armor: Skin              |     5 |     4 |     7 ||    16
Dodge: Dodged            |    44 |   120 |   167 ||   331
